 Dungeon Crawl Stone Soup version 0.31-a0-965-g8a8ce12e04 (webtiles) character file.

Game seed: 4674236925755102659

109 LeprechaunX the Changeling (level 4, -3/29 HPs)
             Began as an Octopode Shapeshifter on Oct 26, 2023.
             Slain by a gnoll sergeant
             ... wielding a +0 spear
              (5 damage)
             ... on level 3 of the Dungeon.
             The game lasted 00:01:59 (1508 turns).

LeprechaunX the Changeling (Octopode Shapeshifter)  Turns: 1508, Time: 00:01:59

Health: -3/29      AC:  1    Str: 15    XL:     4   Next: 90%
Magic:  4/4        EV: 13    Int: 12    God:
Gold:   61         SH:  0    Dex: 11    Spells: 3/3 levels left

rFire   . .          .
                       - Unarmed
rCold   . . .        (no shield)
rNeg    . . .        (helmet currently unavailable)
rPois   .            (no amulet)
rElec   .            (no ring)
rCorr   .            (no ring)
SInv    .            (no ring)
Will    .....        (no ring)
Stlth   ++           (no ring)
HPRegen 0.24/turn    (no ring)
MPRegen 0.09/turn    (no ring)
                     (no ring)

%: no passive effects
@: beast-form
A: beast (slay +2), almost no armour, amphibious, 8 rings, camouflage 1,
gelatinous body 1, (nimble swimmer 1), tentacles
a: Begin Untransformation


You were on level 3 of the Dungeon.
You were a hulking beast.
You visited 1 branch of the dungeon, and saw 3 of its levels.

You collected 61 gold pieces.

Inventory:

Armour
 k - a +2 hat
Talismans
 b - a beast talisman
 c - a flux talisman
Scrolls
 e - 4 scrolls of identify {unknown}
 f - 2 scrolls of noise {unknown}
 i - a scroll of revelation {unknown}
Potions
 a - a potion of lignification
 d - 2 potions of brilliance {unknown}
 g - a potion of magic {unknown}
 h - 5 potions of curing {unknown}
 l - a potion of resistance {unknown}
 m - 2 potions of heal wounds {unknown}


   Skills:
 + Level 2.3 Fighting
 - Level 2.0 Dodging
 + Level 3.7 Unarmed Combat
 * Level 4.2 Shapeshifting


You had 3 spell levels left.
You didn't know any spells.
Your spell library contained the following spells:

 Spells                   Type           Power      Damage    Failure   Level
 Lesser Beckoning         Tloc           0%         N/A       45%         2
 Gell's Gravitas          Tloc           0%         N/A       69%         3
 Teleport Other           Tloc           0%         N/A       69%         3


Dungeon Overview and Level Annotations

Branches:
Dungeon (3/15)

Altars:


Innate Abilities, Weirdness & Mutations

You are a hulking beast.
Your limbs bulge with bestial killing power. (Slay +2)
You cannot wear most types of armour.
You are amphibious.
You can wear up to eight rings at the same time.
Your skin changes colour to match your surroundings (Stealth+).
Your rubbery body absorbs attacks. (AC +1, EV +1)
((You are camouflaged when in or above water. (Stealth+)))
You have tentacles for arms and can constrict up to eight enemies at once.


Message History

Aim: a gnoll sergeant, wielding a +0 spear, wearing a +0 scale mail and wearing a +2 kite shield (68% to hit)
You throw a javelin.
The javelin pierces through the gnoll sergeant but does no damage.
Throw: javelin
Press: ? - help, Q - select action Shift-Dir - straight line, f/p - gnoll sergeant
Aim: a gnoll sergeant, wielding a +0 spear, wearing a +0 scale mail and wearing a +2 kite shield (68% to hit)
You throw a javelin.
The javelin pierces through the gnoll sergeant!
The gnoll sergeant is moderately wounded.
The javelin pierces through the gnoll!
The gnoll is severely wounded.
The gnoll sergeant hits you with a +0 spear!
The gnoll sergeant blocks your attack.
You grab the gnoll sergeant.
The gnoll sergeant is moderately wounded.
You constrict the gnoll sergeant, but do no damage.
The gnoll sergeant hits you with a +0 spear!
The gnoll closely misses you.
Unknown command.
You tentacle-slap the gnoll sergeant.
You squeeze the gnoll sergeant, but do no damage.
The gnoll sergeant is heavily wounded.
You constrict the gnoll sergeant.
Unknown command.
You tentacle-slap the gnoll. You grab the gnoll. You squeeze the gnoll.
You kill the gnoll!
You constrict the gnoll sergeant, but do no damage.
The gnoll sergeant closely misses you.
You tentacle-slap the gnoll sergeant but do no damage.
The gnoll sergeant blocks your attack.
The gnoll sergeant is heavily wounded.
You constrict the gnoll sergeant.
The gnoll sergeant hits you with a +0 spear!
* * * LOW HITPOINT WARNING * * *
Unknown command.
The gnoll sergeant blocks your attack.
You tentacle-slap the gnoll sergeant. You squeeze the gnoll sergeant.
The gnoll sergeant is severely wounded.
You constrict the gnoll sergeant, but do no damage.
The gnoll sergeant hits you with a +0 spear.
You die...

### ..#..♣..)♣♣#.# #.##
..#....♣♣♣##.# #..#
#..♣♣ ###g.# ######..#
..)♣ ##...## #.....[.##
♣♣♣♣ ##..### #.####...#
#### #...# ##.## #)..#
#..# ##..#
#...###...####..####..#
#.#.##.......hg....(..#
#...#.#..#.###).#####.#
#.##.#.###.##.##..# #.#
#.....## ##.##....# #.#
####.#.###.##.#..## #..
#.##.#..#.##.## ##.
#.###.##.###.# .#
#.##.#.#.###.#
#.#.###......##


You could see a gnoll sergeant.

Vanquished Creatures
  An iguana (D:3)
  An adder (D:3)
  2 gnolls (D:3)
  2 dart slugs (D:1)
  6 endoplasms
  10 goblins
  5 hobgoblins
  2 jackals (D:1)
  3 quokkas (D:2)
  2 ball pythons
  7 frilled lizards
  5 kobolds
  A rat (D:1)
47 creatures vanquished.

Notes
Turn   | Place    | Note
-------+----------+-------------------------------------------
     0 | D:1      | LeprechaunX the Octopode Shapeshifter began the quest for
                  | the Orb.
     0 | D:1      | Reached XP level 1. HP: 13/13 MP: 1/1
    87 | D:1      | Reached XP level 2. HP: 9/18 MP: 2/2
   362 | D:1      | Reached XP level 3. HP: 6/23 MP: 3/3
  1255 | D:3      | Reached XP level 4. HP: 29/29 MP: 4/4
  1340 | D:3      | Reached skill level 4 in Shapeshifting
  1477 | D:3      | Noticed a gnoll sergeant
  1508 | D:3      | Slain by a gnoll sergeant

Illustrated notes

Levels and vault maps discovered:
D:1:      elethiomel_arrival_infinity_welcomes_careful_drivers, layout_rooms
D:2:      layout_rooms
D:3:      layout_loops_ring, minitemple, pf_guarded_unrand_woodcutter

Skill      XL: |  1  2  3  4 |
---------------+-------------+-----
Fighting       | 2 |  2.3
Shapeshifting  | 4 |  4.2
Dodging        | |  2.0
Unarmed Combat | |  3.7

Action                     |  1- 3 |  4- 6 || total
---------------------------+-------+-------++-------
  Melee: Unarmed           |    61 |    20 ||    81
         Constrict         |    19 |     7 ||    26
         Punch             |     3 |     2 ||     5
         Tentacles         |    10 |     6 ||    16
  Throw: Javelin           |       |     2 ||     2
   Stab: Sleeping          |     7 |     2 ||     9
 Armour: Skin              |    20 |     7 ||    27
  Dodge: Dodged            |    23 |     8 ||    31

Table legend: (Time is in decaauts)
 A = Elapsed time spent in this place.
 B = Non-inter-level travel time spent in this place.
 C = Inter-level travel time spent in this place.
 D = Time resting spent in this place.
 E = Time spent auto-exploring this place.
 F = Levels seen in this place.
 G = Mean time per level.
                   A        B        C        D        E       F      G
               +--------+--------+--------+--------+--------+-----+--------+
         Total |   1503 |   1448 |     55 |      0 |   1161 |   3 |  501.0 |
       Dungeon |   1503 |   1448 |     55 |      0 |   1161 |   3 |  501.0 |
               +--------+--------+--------+--------+--------+-----+--------+

Top non-repeatable levels by time:
     D:1: 725 daAuts
     D:2: 453 daAuts
     D:3: 324 daAuts
